 Dungeon Crawl Stone Soup version 0.22-a0-238-gd711f9382e (webtiles) character file.

3953 Peterchen the Cleaver (level 10, -12/90 HPs)
             Began as a Minotaur Berserker on Feb 21, 2018.
             Was an Elder of Trog.
             Mangled by a sun demon (16 damage)
             ... summoned by an orc high priest
             ... in a bailey.
             The game lasted 01:10:59 (8256 turns).

Peterchen the Cleaver (Minotaur Berserker)          Turns: 8256, Time: 01:10:59

Health: -12/90     AC: 13    Str: 25    XL:     10   Next: 2%
Magic:  9/9        EV:  5    Int:  4    God:    Trog [****..]
Gold:   340        SH: 12    Dex: 10    Spells: 9/9 levels left

rFire    . . .     SeeInvis .   E - +0 war axe
rCold    . . .     Gourm    .   o - +0 large shield
rNeg     . . .     Faith    .   F - +0 plate armour
rPois    .         Spirit   .   (helmet restricted)
rElec    .         Reflect  .   (no cloak)
rCorr    .         Harm     .   (no gloves)
MR       .....                  (no boots)
Stlth    ..........             w - amulet of magic regeneration
HPRegen  0.25/turn              (no ring)
MPRegen  0.36/turn              (no ring)

@: berserk cooldown, slowed, very slow
A: retaliatory headbutt, horns 2
a: Berserk, Trog's Hand, Brothers in Arms, Renounce Religion


You were in a bailey.
You worshipped Trog.
Trog was greatly pleased with you.
You were near starving.

You visited 1 branch of the dungeon, and saw 8 of its levels.
You also visited: Bailey.

You collected 340 gold pieces.

Inventory:

Hand Weapons
 E - a +0 war axe (weapon)
Missiles
 t - 20 poisoned needles
 x - 6 tomahawks
 z - 6 needles of confusion (quivered)
Armour
 o - a +0 large shield (worn)
 D - a +0 helmet
 F - a +0 plate armour (worn)
Jewellery
 u - a +2 ring of intelligence {unknown}
 w - an amulet of magic regeneration (around neck)
Wands
 g - a wand of disintegration (4)
 n - a wand of polymorph (1)
 y - a wand of iceblast (8)
 B - a wand of enslavement (13)
 C - a wand of random effects (25)
Scrolls
 a - a scroll of immolation
 b - 5 scrolls of enchant armour
 f - 3 scrolls of teleportation
 k - 2 scrolls of fear
 r - 3 scrolls of remove curse
 v - a scroll of magic mapping
 G - a scroll of blinking
 H - a scroll of amnesia
Potions
 d - 4 potions of curing
 e - 2 potions of agility {unknown}
 h - 2 potions of invisibility {unknown}
 i - 2 potions of mutation {unknown}
 l - 6 potions of heal wounds {unknown}
 m - a potion of might {unknown}
 p - a potion of brilliance {unknown}
 q - 3 potions of degeneration {unknown}
 s - a potion of cancellation {unknown}
 A - 2 potions of lignification {unknown}
Comestibles
 c - 16 rations
 j - 11 chunks of flesh


   Skills:
 + Level 8.6 Fighting
 * Level 11.3 Axes
 + Level 8.1 Armour
 + Level 7.4 Dodging


You had 9 spell levels left.
You didn't know any spells.

Dungeon Overview and Level Annotations

Branches:
Dungeon (8/15)             Temple (0/1) D:6
   Lair: D:8-11

Altars:
Ashenzari
Fedhas
Makhleb
Wu Jian
Xom


Innate Abilities, Weirdness & Mutations

You reflexively headbutt those who attack you in melee.
You have a pair of horns on your head.


Message History

An orc comes into view. It is wielding a hand axe.
A goblin comes into view. It is wielding a hand axe.
Things that are here:
a hand axe; a leather armour The orc high priest hits you but does no damage.
You block the orc's attack.
The goblin shouts!
The orc high priest mumbles some strange prayers to Beogh.
The sun demon hits you!
You are engulfed in flames!
* * * LOW HITPOINT WARNING * * *
You feel better. The sun demon hits you.
* * * LOW HITPOINT WARNING * * *
You are engulfed in flames!!
* * * LOW HITPOINT WARNING * * *
You block the orc's attack.
The orc high priest grunts noisily, as Orcs often do.
You block the orc high priest's attack.
The ynoxinul gestures.
The sun demon hits you!
You die...

#≈≈≈≈≈ #+####### #≈≈≈≈≈
#.......# #≈≈≈≈≈
+.8.8.8.# #≈≈≈≈≈
#####.......######≈≈≈≈≈
#!?#....#......#.≈≈≈≈≈≈
#!?#....#......#.≈≈≈≈≈.
#..#....#####)'#.≈≈≈≈≈.
#..#.o@.##....)#.≈≈≈≈≈.
## #3o3o##....)'.......
#._o5##..⌠.)'.......
#...3##.....'.......
#.)o5##.....#.≈≈≈≈≈.
#..#..g.#####++#.≈≈≈≈≈.
#[[#....# #.≈≈≈≈≈.
#[[#..o.# #.≈≈≈≈≈≈
#####.... ###≈≈≈≈≈


You could see an orc high priest, a sun demon, a smoke demon, a ynoxinul, 3 orc
warriors, 2 orcs, 2 ufetubi and a goblin.

Vanquished Creatures
  A two-headed ogre (D:6)
  Pikel (D:6)
  A hippogriff (D:8)
  A wyvern (D:5)
  A shadow (D:6)
  An orc warrior (D:6)
  An ice beast (D:6)
  A phantom (D:7)
  A sky beast (D:8)
  4 ogres
  A big kobold (D:6)
  6 bullfrogs
  2 scorpions
  4 killer bees (D:8)
  An electric eel (Bailey)
  4 crimson imps
  2 howler monkeys
  3 hounds
  A gnoll shaman (D:4)
  2 orc priests
  3 orc wizards
  Terence (D:3)
  An iguana (D:5)
  4 worker ants
  A hound skeleton (D:6)
  A worker ant zombie (D:5)
  6 gnolls
  8 adders
  A shadow imp (D:5)
  An ooze (D:6)
  An adder zombie (D:8)
  An adder skeleton (D:4)
  A worm (D:2)
  3 dart slugs
  3 leopard geckos
  29 orcs
  10 giant cockroaches
  10 goblins
  8 hobgoblins
  17 jackals
  A quokka (D:2)
  2 ball pythons (D:1)
  6 bats
  8 frilled lizards
  2 jackal skeletons
  10 kobolds
  A quokka skeleton (D:5)
  11 rats
190 creatures vanquished.

Vanquished Creatures (collateral kills)
  An orc (Bailey)
  A hobgoblin (Bailey)
2 creatures vanquished.

Grand Total: 192 creatures vanquished

Notes
Turn   | Place    | Note
-------+----------+-------------------------------------------
     0 | D:1      | Peterchen the Minotaur Berserker began the quest for the Orb.
     0 | D:1      | Reached XP level 1. HP: 19/19 MP: 0/0
    53 | D:1      | Reached XP level 2. HP: 27/27 MP: 1/1
    59 | D:1      | Reached skill level 4 in Axes
   588 | D:1      | Reached XP level 3. HP: 33/33 MP: 2/2
  1131 | D:2      | Reached ** piety under Trog
  1474 | D:2      | Reached XP level 4. HP: 25/40 MP: 3/3
  2063 | D:2      | Found an ornate altar of the Wu Jian Council.
  2238 | D:2      | Found a shattered altar of Ashenzari.
  2401 | D:3      | Found a blossoming altar of Fedhas.
  2751 | D:3      | Noticed Terence
  2756 | D:3      | Killed Terence
  2756 | D:3      | Reached skill level 5 in Axes
  2859 | D:3      | Reached XP level 5. HP: 36/47 MP: 4/4
  3029 | D:3      | Reached *** piety under Trog
  3297 | D:4      | Reached XP level 6. HP: 53/55 MP: 5/5
  3428 | D:4      | Reached skill level 6 in Axes
  3682 | D:4      | Reached skill level 5 in Fighting
  4276 | D:4      | Found a shimmering altar of Xom.
  4276 | D:4      | Found a burning altar of Makhleb.
  4282 | D:4      | Reached XP level 7. HP: 60/61 MP: 4/6
  4401 | D:5      | Entered Level 5 of the Dungeon
  4663 | D:6      | Found a staircase to the Ecumenical Temple.
  4669 | D:6      | Reached skill level 7 in Axes
  4753 | D:6      | Reached skill level 5 in Armour
  4907 | D:6      | HP: 2/93 [orc priest/divine providence (13)]
  5350 | D:6      | Noticed Pikel
  5367 | D:6      | Killed Pikel
  5367 | D:6      | Reached skill level 8 in Axes
  5367 | D:6      | Reached skill level 5 in Dodging
  5367 | D:6      | Reached XP level 8. HP: 71/71 MP: 7/7
  5589 | D:6      | Reached skill level 9 in Axes
  5803 | D:6      | Noticed a two-headed ogre
  5819 | D:6      | Killed a two-headed ogre
  5819 | D:6      | Reached XP level 9. HP: 72/79 MP: 8/8
  5926 | D:6      | Reached skill level 10 in Axes
  5939 | D:6      | Reached **** piety under Trog
  7539 | D:8      | Reached skill level 11 in Axes
  7752 | D:8      | Noticed a centaur warrior
  8056 | D:8      | Reached XP level 10. HP: 84/90 MP: 9/9
  8060 | D:8      | Found a flagged portal.
  8116 | Bailey   | Entered a bailey
  8231 | Bailey   | Found an iron altar of Okawaru.
  8240 | Bailey   | Noticed an orc high priest
  8245 | Bailey   | Noticed a sun demon
  8248 | Bailey   | Noticed a smoke demon
  8256 | Bailey   | HP: 4/90 [sun demon[an orc high priest] (19)]
  8256 | Bailey   | Mangled by a sun demon

Vault maps used:
D:1:      lemuel_arrival_funnel, dk_noncrumbling_2
D:2:      nicolae_overflow_hidden_temple, kennysheep_potato
D:3:      fedhas_altar_fruit_tree, uniq_terence
D:4:      grunt_temple_overflow_champion_of_chaos, first_ration,
          kennysheep_generic_room_4
D:5:      kb_forest_paths, minivault_25
D:6:      minmay_temple_entry_mist, kb_rosetta, uniq_pikel
D:7:      grunt_ogre_cave
D:8:      serial_shops, kennysheep_mini_moat, enter_bailey_2, minivault_12
Bailey:   bailey_axe_of_yendor_kennysheep, bailey

Skill      XL: |  1  2  3  4  5  6  7  8  9 |
---------------+----------------------------+-----
Axes           | 4 5 6 8 9 11 | 11.3
Fighting       | 4 5 6 7 8 |  8.6
Armour         | 3 4 6 7 8 |  8.1
Dodging        | 3 4 5 6 7 |  7.4

Action                   |  1- 3 |  4- 6 |  7- 9 | 10-12 || total
-------------------------+-------+-------+-------+-------++-------
Melee: Hand axe          |    98 |   182 |    69 |       ||   349
       Headbutt          |    11 |    23 |    50 |     2 ||    86
       War axe           |       |       |   195 |    14 ||   209
Invok: Berserk           |     1 |     3 |     4 |     1 ||     9
       Trog's Hand       |       |     1 |       |       ||     1
       Brothers in Arms  |       |       |     1 |     1 ||     2
Evoke: Wand              |       |     1 |       |     1 ||     2
  Use: Scroll            |       |     4 |     5 |       ||     9
       Potion            |       |       |       |     1 ||     1
 Stab: Sleeping          |     1 |       |       |       ||     1
  Eat: Chunk             |     2 |    13 |     9 |       ||    24
       Ration            |       |       |     2 |       ||     2
Armor: Animal skin       |     4 |       |       |       ||     4
       Scale mail        |       |     7 |    18 |       ||    25
       Skin              |       |     4 |       |       ||     4
       Plate armour      |       |       |   106 |    10 ||   116
Dodge: Dodged            |    64 |    40 |    37 |     3 ||   144
Block: Large shield      |       |    84 |   166 |    18 ||   268

Table legend:
 A = Spawn XP
 B = Non-spawn XP
 C = Spawn XP percentage of total XP
 D = Spawn monster count
 E = Non-spawn monster count
 F = Spawn count percentage of total count
 G = Total turns spent on level
                    A         B        C        D         E        F      G
               +---------+---------+-------+---------+---------+-------+---------
         Total |       0 |    5648 |   0.0 |       0 |     192 |   0.0 |  8256
               +---------+---------+-------+---------+---------+-------+---------
           D:1 |       0 |      56 |   0.0 |       0 |      32 |   0.0 |  1072
           D:2 |       0 |      63 |   0.0 |       0 |      23 |   0.0 |  1186
           D:3 |       0 |     113 |   0.0 |       0 |      31 |   0.0 |   946
           D:4 |       0 |     520 |   0.0 |       0 |      26 |   0.0 |  1197
           D:5 |       0 |     489 |   0.0 |       0 |      14 |   0.0 |  1107
           D:6 |       0 |    2705 |   0.0 |       0 |      25 |   0.0 |  1536
           D:7 |       0 |     772 |   0.0 |       0 |      19 |   0.0 |   476
           D:8 |       0 |     828 |   0.0 |       0 |      10 |   0.0 |   596
        Bailey |       0 |     102 |   0.0 |       0 |      12 |   0.0 |   140
               +---------+---------+-------+---------+---------+-------+---------
